 Dungeon Crawl Stone Soup version 0.26-a0-631-ged93497179 (webtiles) character file.

Game seed: 10278529694491310650

122396 MrRokkomies the Fencer (level 15, -1/128 HPs)
             Began as a Demigod Delver on Sept 12, 2020.
             Slain by a shock serpent (4 damage)
             ... on level 2 of the Snake Pit on Sept 13, 2020.
             The game lasted 01:34:49 (26900 turns).

MrRokkomies the Fencer (Demigod Delver)            Turns: 26900, Time: 01:34:49

Health: -1/128     AC: 25    Str: 17    XL:     15   Next: 87%
Magic:  18/18      EV: 15    Int: 29    God:
Gold:   754        SH:  0    Dex: 17    Spells: 5/14 levels left

rFire    + . .     SeeInvis +   a - +8 great sword (freeze)
rCold    . . .     Faith    .   (shield currently unavailable)
rNeg     + + .     Spirit   .   X - +8 chain mail "Goneur" {rC- rN++ Int+3 SInv}
rPois    +         Reflect  .   K - +2 hat
rElec    +         Harm     .   Z - +0 cloak {Stlth+}
rCorr    +         Rampage  .   H - +0 pair of gloves of a Thousand People {Int+4}
MR       ++...                  z - +0 pair of boots
Stlth    ..........             k - amulet of regeneration
HPRegen  0.71/turn              e - ring of poison resistance
MPRegen  0.16/turn              G - ring of protection from magic

@: lethally poisoned (-1 -> -1), resistant
A: high mp 1
a: no special abilities


You were on level 2 of the Snake Pit.
You visited 4 branches of the dungeon, and saw 25 of its levels.

You collected 2879 gold pieces.
You spent 2125 gold pieces at shops.

Inventory:

Hand Weapons
 a - a +8 great sword of freezing (weapon)
 b - the +7 hand crossbow "Puofoemeizi" {penet, +Inv MR- Int+4 Dex+3}
   (You found it on level 11 of the Dungeon)

   Ammo fired by it will pass through the targets it hits, potentially hitting
   all targets in its path until it reaches maximum range.
   It affects your intelligence (+4).
   It affects your dexterity (+3).
   It affects your resistance to hostile enchantments.
   It lets you turn invisible.
 t - a +4 demon blade of flaming
 N - a +5 great sword
Missiles
 m - 123 poisoned darts (quivered)
 Q - 17 curare-tipped darts
 W - 341 bolts
Armour
 j - the +1 chain mail of Tiewn {rElec rC+++ Int-5}
   (You bought it in a shop on level 2 of the Orcish Mines)

   It affects your intelligence (-5).
   It renders you almost immune to cold.
   It insulates you from electricity.
 l - a +4 scale mail of fire resistance
 z - a +0 pair of boots (worn)
 C - a +2 pair of gloves
 H - the +0 pair of gloves of a Thousand People (worn) {Int+4}
   (You bought it in a shop on level 2 of the Orcish Mines)

   It affects your intelligence (+4).
 K - a +2 hat (worn)
 X - the +8 chain mail "Goneur" (worn) {rC- rN++ Int+3 SInv}
   (You found it on level 12 of the Dungeon)

   It affects your intelligence (+3).
   It makes you vulnerable to cold.
   It greatly protects you from negative energy.
   It lets you see invisible.
 Z - a +0 cloak of stealth (worn)
Jewellery
 e - a ring of poison resistance (left hand)
 k - an amulet of regeneration (around neck)
 y - a +4 ring of slaying
 D - an uncursed ring of positive energy
 E - an uncursed ring of protection from fire
 G - a ring of protection from magic (right hand)
 J - an uncursed ring of flight
 S - a +4 ring of slaying
Wands
 g - a wand of digging (8)
 h - a wand of paralysis (23)
 o - a wand of flame (31)
 x - a wand of enslavement (10)
 A - a wand of disintegration (17)
 L - a wand of acid (16)
 Y - a wand of iceblast (13)
Scrolls
 c - 4 scrolls of fog
 d - a scroll of magic mapping
 p - 4 scrolls of remove curse
 r - 2 scrolls of immolation
 I - 11 scrolls of identify
 P - 4 scrolls of teleportation
 R - a scroll of blinking
 T - 3 scrolls of enchant armour
Potions
 f - 4 potions of haste
 i - 2 potions of cancellation
 q - 10 potions of curing
 u - a potion of stabbing
 w - 4 potions of flight
 B - 2 potions of magic
 M - 2 potions of invisibility
 O - 2 potions of ambrosia
 V - 6 potions of might
Miscellaneous
 s - a tin of tremorstones (3/3)
 F - a phial of floods
 U - a lightning rod (4/4)


   Skills:
 - Level 10.4 Fighting
 * Level 16.2 Long Blades
 + Level 9.7 Crossbows
 * Level 9.7 Armour
 + Level 13.7 Dodging
 - Level 5.4 Stealth


You had 5 spell levels left.
You knew the following spells:

 Your Spells              Type           Power        Failure   Level
a - Animate Dead          Necr           #.........   100%        4
b - Borgnjor's Vile Clut  Necr/Erth      #.........   100%        5

Your spell library contained the following spells:

 Spells                   Type           Power        Failure   Level
 Animate Skeleton         Necr           #.....       71%         1
 Corona                   Hex            #......      71%         1
 Pain                     Necr           #...         71%         1
 Sting                    Tmut/Pois      #...         71%         1
 Poisonous Vapours        Pois/Air       #.....       83%         2
 Slow                     Hex            #.......     83%         2
 Confusing Touch          Hex            #.......     97%         3
 Gell's Gravitas          Tloc           #.........   97%         3
 Ignite Poison            Fire/Tmut/Pois #.......     97%         3
 Inner Flame              Hex/Fire       #.......     97%         3
 Mephitic Cloud           Conj/Pois/Air  #.......     97%         3
 Portal Projectile        Hex/Tloc       #.....       97%         3
 Vampiric Draining        Necr           #.........   97%         3
 Cause Fear               Hex            #.........   100%        4
 Leda's Liquefaction      Hex/Erth       #.........   100%        4
 Olgreb's Toxic Radiance  Pois           #.......     100%        4
 Petrify                  Tmut/Erth      #.......     100%        4
 Agony                    Necr           #.......     100%        5
 Bolt of Magma            Conj/Fire/Erth #.........   100%        5
 Iskenderun's Battlesphe  Conj           #.......     100%        5
 Metabolic Englaciation   Hex/Ice        #.........   100%        5
 Yara's Violent Unravell  Hex/Tmut       #.........   100%        5
 Death Channel            Necr           #.........   100%        6
 Iron Shot                Conj/Erth      #.........   100%        6
 Simulacrum               Ice/Necr       #.........   100%        6
 Orb of Destruction       Conj           #.........   100%        7
 Spellforged Servitor     Conj/Summ      #.........   100%        7


Dungeon Overview and Level Annotations

Branches:
Dungeon (15/15)            Temple (0/1) D:6            Lair (6/6) D:10
 Shoals (0/4) Lair:2        Snake (2/4) Lair:4        Slime (0/5) Lair:6
    Orc (2/2) D:10            Elf (0/3) Orc:2        Vaults (0/5) D:14
 Depths (0/5) D:15

Shops:
D:6 *   D:7 !   D:8 *   Orc:2 [::[

Portals:
Hell: Lair:6

Annotations:
Snake:1 1 transporter


Innate Abilities, Weirdness & Mutations

You have an increased reservoir of magic. (+10% MP)


Message History

Unknown command.
You closely miss the shock serpent. The shock serpent closely misses you.
You riposte.
You closely miss the shock serpent. You slice the shock serpent!!
You freeze the shock serpent!
The shock serpent is heavily wounded.
The shock serpent's electric aura discharges, shocking you!
You resist.
You feel sick.
The shock serpent bites you but does no damage.
The naga warrior hits you from afar with a +0 glaive.
* * * LOW HITPOINT WARNING * * *
The shock serpent bites you.
* * * LOW HITPOINT WARNING * * *
The shock serpent shocks you. You resist.
* * * LOW HITPOINT WARNING * * *
You closely miss the shock serpent.
The shock serpent is heavily wounded.
The shock serpent bites you!
* * * LOW HITPOINT WARNING * * *
The shock serpent shocks you. You resist.
You die...

######## ##......##
##.######.## .
####@##....##.#
....#..#S#.####.#.#
....N..N.#.#.<#.#.#
...N#.N###.#.##.#.#
. ### #.##..##.#
##.####.## ##....##
######


You could see a naga warrior, a shock serpent and a naga mage.

Vanquished Creatures
  Saint Roka (Orc:2)
  Rupert (D:12)
  Frances (D:13)
  Gastronok (Lair:1)
  Kirke (D:15)
  An orc warlord (Orc:1)
  Nessos (Orc:2)
  Snorg (D:13)
  3 ogre magi
  A fire dragon (D:15)
  Josephine (D:15)
  Fannar (D:12)
  8 vault guards (D:14)
  4 hydras
  Erolcha (D:13)
  A hell beast (Lair:6)
  5 anacondas (Snake:1)
  3 naga warriors (Snake:1)
  A death knight (D:15)
  16 two-headed ogres
  4 centaur warriors
  A two-headed ogre (shapeshifter) (D:15)
  4 death yaks (Lair:5)
  2 tengu warriors (D:13)
  A naga sharpshooter (Snake:1)
  Urug (Lair:1)
  A shock serpent (Snake:1)
  An orc high priest (Orc:1)
  Nergalle (D:10)
  Sonja (Orc:2)
  A skeletal warrior (D:14)
  2 deep trolls (Orc:2)
  2 unseen horrors (D:12)
  2 naga ritualists (Snake:1)
  2 wizards
  2 orc knights
  3 deep elf magi
  A necromancer (Lair:5)
  11 ugly things
  6 cyclopes
  2 salamanders (Snake:1)
  An elephant (Lair:6)
  A manticore (D:15)
  2 orc sorcerers
  2 centaur zombies
  A merfolk siren (Lair:2)
  2 naga magi
  15 black mambas
  A torpor snail (Lair:5)
  Joseph (D:8)
  2 gargoyles (D:14)
  8 cane toads
  A smoke demon (Lair:6)
  4 orange demons (Lair:6)
  5 rime drakes
  A freezing wraith (D:15)
  7 komodo dragons
  An ice devil (Lair:6)
  A yaktaur (D:15)
  3 merfolk (Lair:2)
  3 meliai (D:15)
  A red devil (Lair:6)
  15 trolls
  2 polar bears
  A hornet (D:8)
  18 blink frogs
  A wolf spider simulacrum (D:15)
  4 slime creatures (D:15)
  2 dream sheep (Lair:6)
  8 hippogriffs
  7 wraiths
  A vampire (D:15)
  28 yaks
  5 wyverns
  A tarantella (shapeshifter) (D:15)
  A hog (D:15)
  2 basilisks
  A steam dragon (D:9)
  4 vampire mosquitoes (D:12)
  2 wargs (Orc:1)
  A soldier ant (D:12)
  11 nagas
  An acid dragon (D:14)
  3 hell hounds (Lair:6)
  5 porcupines
  16 water moccasins
  An elephant zombie (Lair:5)
  3 black bears
  42 orc warriors
  5 sky beasts
  4 ice beasts
  3 boggarts (D:14)
  24 ogres
  2 necrophages
  4 wolves (Lair:4)
  15 crocodiles
  5 centaurs
  A komodo dragon zombie (Lair:5)
  15 bullfrogs
  2 wyvern zombies
  A gnoll sergeant (D:7)
  4 scorpions
  A water moccasin skeleton (D:8)
  6 killer bees (D:11)
  8 howler monkeys
  18 wights
  An electric eel (Lair:5)
  3 jellies
  A basilisk zombie (Lair:5)
  A bullfrog zombie (D:4)
  4 hounds
  20 orc priests
  A gnoll shaman (Orc:1)
  30 orc wizards
  A bullfrog skeleton (D:10)
  4 centaur skeletons
  4 worker ants
  Natasha (thrice) (D:4)
  3 iguanas
  2 worker ant zombies
  Robin (D:4)
  15 gnolls
  13 adders
  4 shadow imps
  A white imp (D:4)
  An ufetubus (D:6)
  An ooze (D:3)
  2 adder skeletons
  An adder zombie (D:5)
  2 worms
  2 dart slugs
  4 leopard geckos
  96 orcs
  7 giant cockroaches
  16 goblins
  9 hobgoblins
  19 jackals
  5 quokkas
  10 bats
  6 frilled lizards
  A jackal skeleton (D:4)
  5 kobolds
  10 rats
780 creatures vanquished.

Vanquished Creatures (others)
  Erica (D:8)
  2 humans (D:15)
  3 orcs (Orc:1)
  13 fungi
  34 plants
53 creatures vanquished.

Grand Total: 833 creatures vanquished

Notes
Turn   | Place    | Note
-------+----------+-------------------------------------------
     0 | D:5      | MrRokkomies the Demigod Delver began the quest for the Orb.
     0 | D:5      | Reached XP level 1. HP: 18/18 MP: 3/3
    30 | D:5      | Noticed an orc wizard
    66 | D:5      | Noticed a scorpion
    82 | D:5      | Killed a scorpion
    82 | D:5      | Reached skill level 2 in Long Blades
    82 | D:5      | Reached skill level 5 in Stealth
    82 | D:5      | Reached XP level 2. HP: 26/26 MP: 4/4
    82 | D:5      | Reached XP level 3. HP: 31/31 MP: 5/5
   169 | D:4      | Noticed a scorpion
   183 | D:4      | Killed a scorpion
   183 | D:4      | Reached XP level 4. HP: 38/38 MP: 6/6
   262 | D:4      | Noticed a phantom
   818 | D:1      | Found a shattered altar of Ashenzari.
  1355 | D:2      | Reached XP level 5. HP: 45/45 MP: 7/7
  1704 | D:3      | Reached skill level 3 in Long Blades
  2227 | D:4      | Noticed Robin
  2256 | D:4      | Killed Robin
  2482 | D:4      | Noticed Natasha
  2490 | D:4      | Killed Natasha
  2490 | D:4      | Reached XP level 6. HP: 42/52 MP: 8/8
  2580 | D:4      | Reached skill level 4 in Long Blades
  2617 | D:4      | Noticed Natasha
  2626 | D:4      | Killed Natasha
  2984 | D:5      | Reached skill level 5 in Fighting
  2984 | D:5      | Reached XP level 7. HP: 58/61 MP: 9/9
  3307 | D:5      | Reached skill level 5 in Long Blades
  4042 | D:6      | Reached XP level 8. HP: 70/70 MP: 10/10
  4066 | D:6      | Found Yludd's Elemental Accessories.
  4095 | D:6      | Found a staircase to the Ecumenical Temple.
  4148 | D:6      | Reached skill level 6 in Long Blades
  4821 | D:7      | Found Ytopeloa's Distillery.
  4829 | D:7      | Bought a potion of heal wounds for 60 gold pieces
  5252 | D:7      | Reached skill level 5 in Dodging
  5636 | D:7      | Reached skill level 7 in Long Blades
  5752 | D:7      | Reached XP level 9. HP: 73/79 MP: 11/11
  5876 | D:8      | Noticed Joseph
  5887 | D:8      | Killed Joseph
  5918 | D:8      | Noticed Erica
  6109 | D:8      | Reached skill level 8 in Long Blades
  6158 | D:8      | Found a glowing golden altar of the Shining One.
  6185 | D:8      | Found Neod's General Store.
  6502 | D:8      | Killed Erica
  6702 | D:8      | Reached XP level 10. HP: 91/91 MP: 13/13
  7002 | D:9      | Reached skill level 9 in Long Blades
  7656 | D:10     | Entered Level 10 of the Dungeon
  7695 | D:10     | Reached skill level 10 in Fighting
  7824 | D:10     | Noticed Nergalle
  7841 | D:10     | Killed Nergalle
  7957 | D:10     | Reached skill level 10 in Long Blades
  8021 | D:10     | Found a staircase to the Lair.
  8072 | D:10     | Found a staircase to the Orcish Mines.
  8202 | D:10     | Noticed a two-headed ogre
  8210 | D:10     | Killed a two-headed ogre
  8711 | D:11     | Reached XP level 11. HP: 94/101 MP: 14/14
  9144 | D:4      | Noticed Natasha
  9152 | D:4      | Killed Natasha
  9559 | D:11     | Got a pitted hand crossbow
  9560 | D:11     | Identified the +7 hand crossbow "Puofoemeizi" {penet, +Inv
                  | MR- Int+4 Dex+3} (You found it on level 11 of the Dungeon)
  9984 | D:12     | Reached skill level 1 in Crossbows
 10021 | D:12     | Got a warped chain mail
 10032 | D:12     | Identified the +8 chain mail "Goneur" {rC- rN++ Int+3 SInv}
                  | (You found it on level 12 of the Dungeon)
 10073 | D:12     | Noticed Rupert
 10182 | D:12     | Noticed an unseen horror
 10186 | D:12     | Killed an unseen horror
 10219 | D:12     | Noticed Fannar
 10321 | Lair:1   | Entered Level 1 of the Lair of Beasts
 10321 | Lair:1   | Noticed Urug
 10329 | Lair:1   | Killed Urug
 10491 | Lair:1   | Reached skill level 11 in Long Blades
 10621 | Lair:1   | Noticed Gastronok
 10637 | Lair:1   | Killed Gastronok
 11549 | Lair:2   | Noticed a six-headed hydra
 11561 | Lair:2   | Killed a one-headed hydra
 11691 | Lair:2   | Found a glowing silver altar of Zin.
 11735 | Lair:2   | Reached XP level 12. HP: 95/107 MP: 15/15
 11739 | Lair:2   | Found a staircase to the Shoals.
 12147 | Lair:3   | Reached skill level 12 in Long Blades
 12153 | Lair:3   | Reached skill level 10 in Dodging
 12800 | Lair:3   | Noticed a four-headed hydra
 12818 | Lair:3   | Killed a one-headed hydra
 12818 | Lair:3   | Reached skill level 5 in Crossbows
 14019 | Lair:4   | Found an iron altar of Okawaru.
 14143 | Lair:4   | Found a staircase to the Snake Pit.
 14856 | Lair:5   | Found a blossoming altar of Fedhas.
 14898 | Lair:5   | Noticed a seven-headed hydra
 14916 | Lair:5   | Killed a two-headed hydra
 14916 | Lair:5   | Reached skill level 13 in Long Blades
 15319 | Lair:5   | Reached XP level 13. HP: 101/114 MP: 16/16
 15460 | Lair:5   | Got a crude chain mail
 15471 | Lair:5   | Identified the +0 chain mail "Newuaq" {Int+3} (You found it
                  | on level 5 of the Lair of Beasts)
 15533 | Lair:6   | Entered Level 6 of the Lair of Beasts
 15940 | Lair:6   | Found a staircase to the Slime Pits.
 16592 | Lair:6   | Found a burning altar of Makhleb.
 16682 | Lair:6   | Found a gateway to Hell.
 17078 | Orc:1    | Entered Level 1 of the Orcish Mines
 17480 | Orc:2    | Entered Level 2 of the Orcish Mines
 17493 | Orc:1    | Noticed an orc warlord
 17494 | Orc:1    | Reached skill level 1 in Armour
 17891 | Orc:1    | Killed an orc warlord
 17891 | Orc:1    | Reached skill level 14 in Long Blades
 18108 | Orc:2    | Noticed Nessos
 18117 | Orc:2    | Killed Nessos
 18190 | Orc:2    | Noticed Saint Roka
 18424 | D:7      | Bought a potion of heal wounds for 60 gold pieces
 18424 | D:7      | Bought a potion of invisibility for 96 gold pieces
 18424 | D:7      | Bought a potion of heal wounds for 60 gold pieces
 18424 | D:7      | Bought a potion of invisibility for 96 gold pieces
 18856 | Orc:2    | Killed Saint Roka
 18929 | Orc:2    | Found a staircase to the Elven Halls.
 18946 | Orc:2    | Reached XP level 14. HP: 112/122 MP: 17/17
 18989 | Orc:2    | Noticed Sonja
 19007 | Orc:2    | Killed Sonja
 19624 | Orc:2    | Reached skill level 5 in Armour
 19702 | Orc:2    | Found Dussa's Book Shop.
 19703 | Orc:2    | Found Rofraqir's Antique Armour Shop.
 19747 | Orc:2    | Found Zucumom's Antique Armour Emporium.
 19754 | Orc:2    | Bought a pair of slimy gloves for 247 gold pieces
 19754 | Orc:2    | Bought a runed cloak for 195 gold pieces
 19764 | Orc:2    | Identified the cursed +0 pair of gloves of a Thousand
                  | People {Int+4} (You bought it in a shop on level 2 of the
                  | Orcish Mines)
 19778 | Orc:2    | Found Vagg's Book Boutique.
 19894 | Orc:2    | Bought a slimy chain mail for 266 gold pieces
 19904 | Orc:2    | Identified the cursed +1 chain mail of Tiewn {rElec rC+++
                  | Int-5} (You bought it in a shop on level 2 of the Orcish
                  | Mines)
 20093 | Orc:2    | Bought a book of Necromancy for 330 gold pieces
 20093 | Orc:2    | Bought a book of Unlife for 715 gold pieces
 20098 | Orc:2    | Learned a level 4 spell: Animate Dead
 20104 | Orc:2    | Learned a level 5 spell: Borgnjor's Vile Clutch
 20469 | D:12     | Killed Fannar
 20593 | D:12     | Killed Rupert
 21282 | D:13     | Noticed Erolcha
 21289 | D:13     | Killed Erolcha
 21301 | D:13     | Reached skill level 15 in Long Blades
 21412 | D:13     | Noticed Snorg
 21428 | D:13     | Killed Snorg
 21731 | D:13     | Noticed Frances
 21743 | D:13     | Killed Frances
 21996 | D:13     | Identified the +2 buckler of Shadows and Fog {Harm}
 22243 | D:13     | Found an iron altar of Okawaru.
 22684 | D:14     | Found a gate to the Vaults.
 22700 | D:14     | Reached XP level 15. HP: 101/128 MP: 18/18
 23325 | D:15     | Entered Level 15 of the Dungeon
 23632 | D:15     | Paralysed by an orc sorcerer for 6 turns
 23854 | D:15     | Found a staircase to the Depths.
 24081 | D:15     | HP: 6/128 [wolf spider simulacrum (28)]
 24264 | D:15     | Found a glowing golden altar of the Shining One.
 24730 | D:15     | Noticed Kirke
 24815 | D:15     | Killed Kirke
 24918 | D:15     | Noticed Josephine
 24924 | D:15     | Killed Josephine
 25271 | Snake:1  | Entered Level 1 of the Snake Pit
 25367 | Snake:1  | Reached skill level 16 in Long Blades
 26150 | Snake:1  | Noticed a nagaraja
 26150 | Snake:1  | Noticed a nagaraja
 26152 | Snake:1  | Found a transporter.
 26156 | Snake:1  | Found a radiant altar of Vehumet.
 26172 | Snake:1  | Noticed a nagaraja
 26188 | Snake:1  | Noticed a nagaraja
 26550 | Snake:1  | Noticed a nagaraja
 26900 | Snake:2  | HP: 3/128 [shock serpent (13)]
 26900 | Snake:2  | Slain by a shock serpent

Illustrated notes

Levels and vault maps discovered:
D:1:      wheals_arrival_shading, layout_basic, dk_noncrumbling_4,
          ashenzari_altar_1
D:2:      layout_basic, minmay_vboxes
D:3:      layout_basic
D:4:      layout_basic, uniq_natasha, uniq_robin
D:5:      layout_basic
D:6:      layout_basic, minmay_temple_entry_mini_moons, minmay_door_square,
          nicolae_elemental_shop
D:7:      layout_basic, serial_shops, nicolae_shop_crystal
D:8:      layout_cave_pods, kennysheep_mini, serial_shops, shop_statue,
          uniq_joseph, uniq_erica
D:9:      layout_cave_pods
D:10:     layout_irregular_city, lair_entry_dummy, hiddenorc1_lemuel,
          uniq_nergalle
D:11:     layout_irregular_city, hangedman_decor_opposing
D:12:     layout_irregular_city, serial_glass, glass_columns_a, glass_columns_b,
          uniq_rupert, uniq_fannar
D:13:     evilmike_iron_armoury, layout_loops_ring, uniq_erolcha, uniq_snorg,
          uniq_frances
D:14:     layout_cave_pools, erik_vaults_2, minivault_19
D:15:     grunt_enter_depths_magical_seal, layout_gridville,
          minmay_misc_feat_tower, corexii_mini_fake_secret_closet,
          minmay_misc_feat_more_columns, tso_metal_star, uniq_kirke,
          uniq_josephine
Lair:1:   layout_loops_ring, st_stairs_12, chequers_serial_rivers_room_a,
          minivault_26, chequers_serial_rivers_micro_e, serial_bayou_shore_a,
          uniq_urug, uniq_gastronok
Lair:2:   layout_misc_corridors, elwin_shoals_entry_stream, basic_altar,
          grunt_megastairs_5
Lair:3:   wad_woods_structure_01, layout_gridlike, infiniplex_staircase_pool
Lair:4:   layout_gridlike, minmay_snake_entry_guardpost_medium, basic_altar
Lair:5:   pond_and_an_island_with_a_cottage, layout_big_grid, basic_altar,
          minivault_23, beast_lair_carwin_6
Lair:6:   evil_forest, layout_misc_corridors, slime_dummy, lemuel_fruit_tree
Snake:1:  gammafunk_sealed_library, layout_onion_interference, eino_curves_02
Snake:2:  layout_rooms, basic_altar, nicolae_coiled_stairwell_up
Orc:1:    layout_diamond_mine
Orc:2:    st_orc_open, layout_diamond_mine, uniq_sonja, uniq_saint_roka,
          uniq_nessos

Skill      XL: |  1  2  3  4  5  6  7  8  9 10 11 12 13 14 15 |
---------------+----------------------------------------------+-----
Fighting       | 3 4 5 6 7 9 10 | 10.4
Long Blades    | 2 3 4 5 7 8 10 11 13 14 15 16 | 16.2
Stealth        | 5 |  5.4
Dodging        | 2 3 4 5 6 7 9 11 12 13 | 13.7
Crossbows      | 4 5 7 8 9 |  9.7
Armour         | 3 7 9 |  9.7

Action                   |  1- 3 |  4- 6 |  7- 9 | 10-12 | 13-15 || total
-------------------------+-------+-------+-------+-------+-------++-------
Melee: Falchion          |    14 |   254 |       |       |       ||   268
       Great sword       |       |    90 |   309 |   587 |  1028 ||  2014
       Scimitar          |       |       |       |    24 |     4 ||    28
       Dagger            |       |       |       |       |     9 ||     9
 Fire: Hand crossbow     |       |       |       |   114 |   124 ||   238
Throw: Dart              |     6 |    26 |    24 |    22 |     1 ||    79
       Throwing net      |       |       |       |     1 |       ||     1
Evoke: Wand              |       |       |     4 |     2 |     3 ||     9
  Use: Potion            |     2 |       |     4 |     4 |    15 ||    25
       Scroll            |       |     8 |    10 |    20 |    15 ||    53
 Stab: Sleeping          |     1 |     2 |     4 |     3 |     4 ||    14
       Held in net/web   |       |       |       |     1 |       ||     1
       Paralysed         |       |       |       |       |     7 ||     7
       Invisible         |       |       |       |       |     4 ||     4
Armor: Skin              |     9 |       |       |       |       ||     9
       Chain mail        |       |   279 |       |   216 |   661 ||  1156
       Leather armour    |       |     1 |       |       |       ||     1
       Scale mail        |       |     5 |   209 |   123 |       ||   337
Dodge: Dodged            |     3 |   202 |   255 |   395 |   795 ||  1650
       Rpst.: Falchion   |     2 |    39 |       |       |       ||    41
       Great sword       |       |    25 |    64 |   109 |   181 ||   379
       Scimitar          |       |       |       |     3 |       ||     3

Table legend: (Time is in decaauts)
 A = Elapsed time spent in this place.
 B = Non-inter-level travel time spent in this place.
 C = Inter-level travel time spent in this place.
 D = Time resting spent in this place.
 E = Time spent auto-exploring this place.
 F = Levels seen in this place.
 G = Mean time per level.
                   A        B        C        D        E       F      G
               +--------+--------+--------+--------+--------+-----+--------+
         Total |  27270 |  25167 |   2103 |   3816 |  15389 |  25 | 1090.8 |
       Dungeon |  15946 |  14495 |   1451 |   2204 |   8660 |  15 | 1063.1 |
          Lair |   6879 |   6470 |    409 |    516 |   4574 |   6 | 1146.5 |
     Snake Pit |   1610 |   1582 |     28 |    267 |   1043 |   2 |  805.0 |
  Orcish Mines |   2835 |   2622 |    213 |    827 |   1112 |   2 | 1417.5 |
               +--------+--------+--------+--------+--------+-----+--------+

Top non-repeatable levels by time:
  Lair:3: 1697 daAuts
   Orc:2: 1677 daAuts
    D:15: 1592 daAuts
    D:13: 1563 daAuts
 Snake:1: 1562 daAuts
     D:8: 1402 daAuts
  Lair:6: 1388 daAuts
     D:6: 1286 daAuts
    D:10: 1225 daAuts
     D:7: 1177 daAuts
   Orc:1: 1157 daAuts
    D:12: 1111 daAuts
  Lair:1: 1067 daAuts
  Lair:4: 1000 daAuts
    D:14: 970 daAuts
